 Dungeon Crawl Stone Soup version 0.23-a0-641-g0a7f1ce553 (webtiles) character file.

453 HereIgoKillingAgain the Magician (level 6, -3/32 HPs)
             Began as a Deep Elf Fire Elementalist on Dec 30, 2018.
             Killed by divine providence
             ... invoked by an orc priest
              (17 damage)
             ... on level 3 of the Dungeon.
             The game lasted 00:04:58 (3248 turns).

HereIgoKillingAgain the Magician (DEFE)             Turns: 3248, Time: 00:04:59

Health: -3/32      AC:  2    Str:  5    XL:     6   Next: 75%
Magic:  1/18       EV: 13    Int: 22    God:
Gold:   163        SH:  0    Dex: 15    Spells: 6/19 levels left

rFire    . . .     SeeInvis .   (no weapon)
rCold    . . .     Gourm    .   (no shield)
rNeg     . . .     Faith    .   a - +0 robe
rPois    .         Spirit   .   (no helmet)
rElec    .         Reflect  .   (no cloak)
rCorr    .         Harm     .   (no gloves)
MR       .....                  (no boots)
Stlth    ++........             (no amulet)
HPRegen  0.10/turn              (no ring)
MPRegen  0.16/turn              (no ring)

@: lethally poisoned (-3 -> -6)
A: no striking features
a: no special abilities


You were on level 3 of the Dungeon.
You were near starving.

You visited 1 branch of the dungeon, and saw 4 of its levels.

You collected 163 gold pieces.

Inventory:

Armour
 a - a +0 robe (worn)
Jewellery
 n - a +5 amulet of reflection {unknown}
 s - an uncursed ring of resist corrosion {unknown}
Wands
 r - a wand of flame (17)
Scrolls
 e - 4 scrolls of identify {unknown}
 f - a scroll of remove curse {unknown}
 g - 3 scrolls of teleportation
 j - a scroll of fog {unknown}
 k - 2 scrolls of fear {unknown}
 m - a scroll of enchant armour {unknown}
 o - a scroll of enchant weapon {unknown}
 p - a scroll of amnesia {unknown}
Potions
 b - a potion of might {unknown}
 d - 2 potions of invisibility {unknown}
 h - a potion of curing
 i - a potion of agility {unknown}
 l - a potion of cancellation {unknown}
 q - a potion of flight {unknown}
Comestibles
 c - 4 rations


   Skills:
 - Level 2.4 Dodging
 - Level 2.4 Stealth
 * Level 7.2 Spellcasting
 + Level 3.8 Conjurations
 + Level 5.0 Fire Magic


You had 6 spell levels left.
You knew the following spells:

 Your Spells              Type           Power        Failure   Level  Hunger
a - Flame Tongue          Conj/Fire      ####.        1%          1    None
b - Conjure Flame         Conj/Fire      ####....     3%          3    None
c - Sticky Flame          Conj/Fire      ####....     13%         4    ###....
d - Fireball              Conj/Fire      ####......   34%         5    #####..

Your spell library contained the following spells:

 Spells                   Type           Power        Failure   Level  Hunger
 Throw Flame              Conj/Fire      ####..       1%          2    None
 Inner Flame              Hex/Fire       ###.....     9%          3    None


Dungeon Overview and Level Annotations

Branches:
Dungeon (4/15)
 Temple: D:4-7

Altars:


Message History

Aiming: Flame Tongue (safe; 1% risk of failure)
Press: ? - help, Shift-Dir - straight line, f/p - adder
Aim: an adder The flame tongue hits the adder.
The adder is heavily wounded.
You are near starving!
The adder closely misses you. The adder bites you.
Casting: Flame Tongue (safe; 1% risk of failure)
Confirm with . or Enter, or press ? or * to list all spells.
Aiming: Flame Tongue (safe; 1% risk of failure)
Press: ? - help, Shift-Dir - straight line, f/p - adder
Aim: an adder (heavily wounded)
The flame tongue misses the adder.
Your surroundings suddenly seem different.
You feel sick.
The orc shouts!
You hear a shout!
The orc priest calls down the wrath of Beogh upon you.
Beogh smites you!
Ouch! That really hurt!
You die...

##########
#........#
#.......@#######
..........'>....#
##....o...#.###.#
#........#.# #.#
#...o....#.# #.#
###.######.# #.#
... #.# #.# ..
#.###.#####
#.........#


You could see an orc priest and an orc.

Vanquished Creatures
  A phantom (D:4)
  A sky beast (D:4)
  An orc priest (D:3)
  Jessica (D:2)
  Terence (D:2)
  2 worker ants (D:4)
  4 gnolls (D:4)
  An adder (D:2)
  2 adder skeletons (D:4)
  2 worms (D:2)
  2 dart slugs
  A leopard gecko (D:4)
  9 orcs (D:3)
  2 ball pythons
  4 bats
  4 giant cockroaches
  10 goblins
  2 hobgoblins (D:1)
  2 jackals (D:2)
  4 frilled lizards
  9 kobolds
  A quokka skeleton (D:4)
  4 rats
70 creatures vanquished.

Notes
Turn   | Place    | Note
-------+----------+-------------------------------------------
     0 | D:1      | HereIgoKillingAgain the Deep Elf Fire Elementalist began
                  | the quest for the Orb.
     0 | D:1      | Reached XP level 1. HP: 10/10 MP: 6/6
   212 | D:1      | Reached XP level 2. HP: 5/15 MP: 0/8
   807 | D:2      | Reached skill level 4 in Spellcasting
   820 | D:2      | Noticed Terence
   933 | D:2      | Reached XP level 3. HP: 19/19 MP: 8/10
   993 | D:2      | Noticed Jessica
   997 | D:2      | Killed Jessica
  1051 | D:2      | Reached XP level 4. HP: 21/24 MP: 6/12
  1200 | D:2      | Killed Terence
  1200 | D:2      | Reached skill level 5 in Spellcasting
  2025 | D:4      | Learned a level 3 spell: Conjure Flame
  2030 | D:4      | Learned a level 4 spell: Sticky Flame
  2035 | D:4      | Reached XP level 5. HP: 28/28 MP: 10/15
  2042 | D:4      | Learned a level 5 spell: Fireball
  2429 | D:4      | Noticed a sky beast
  2443 | D:4      | Killed a sky beast
  2443 | D:4      | Reached skill level 6 in Spellcasting
  2443 | D:4      | Reached XP level 6. HP: 32/32 MP: 1/17
  2768 | D:4      | Reached skill level 7 in Spellcasting
  2768 | D:4      | Reached skill level 5 in Fire Magic
  3248 | D:3      | Killed from afar by an orc priest

Vault maps used:
D:1:      minmay_arrival_up_and_down, dk_noncrumbling_4
D:2:      uniq_terence, uniq_jessica
D:4:      first_ration

Skill      XL: |  1  2  3  4  5  6 |
---------------+-------------------+-----
Spellcasting   | 4 5 6 7 |  7.2
Conjurations   | 2 3 |  3.8
Fire Magic     | 4 5 |  5.0
Dodging        | |  2.4
Stealth        | |  2.4

Action                   |  1- 3 |  4- 6 || total
-------------------------+-------+-------++-------
Melee: Unarmed           |     7 |     5 ||    12
 Cast: Flame Tongue      |    49 |   131 ||   180
       Conjure Flame     |       |     5 ||     5
  Use: Scroll            |       |     1 ||     1
 Stab: Sleeping          |     2 |       ||     2
  Eat: Chunk             |       |     2 ||     2
       Ration            |       |     1 ||     1
Armor: Robe              |     7 |     6 ||    13
Dodge: Dodged            |    25 |    38 ||    63

Table legend:
 A = Non-vault XP
 B = Vault XP
 C = Vault XP percentage of total XP
 D = Non-vault monster count
 E = Vault monster count
 F = Vault count percentage of total count
                 A         B        C        D         E       F
            +---------+---------+-------+---------+---------+-------
      Total |     575 |      73 |  11.3 |      68 |       2 |   2.9
            +---------+---------+-------+---------+---------+-------
        D:1 |      32 |       0 |   0.0 |      19 |       0 |   0.0
        D:2 |      54 |      73 |  57.5 |      21 |       2 |   8.7
        D:3 |      78 |       0 |   0.0 |      14 |       0 |   0.0
        D:4 |     411 |       0 |   0.0 |      14 |       0 |   0.0
            +---------+---------+-------+---------+---------+-------
